 Dungeon Crawl Stone Soup version 0.30.0-19-gbf45117a57 (webtiles) character file.

Game seed: 16752074581421124876

121 qw the Chopper (level 5, 0/32 HPs)
             Began as a Gargoyle Fighter on May 25, 2023.
             Slain by a gnoll
             ... wielding a +0 spear
              (3 damage)
             ... on level 4 of the Dungeon.
             The game lasted 00:01:16 (2505 turns).

qw the Chopper (Gargoyle Fighter)                   Turns: 2505, Time: 00:01:16

Health: 0/32       AC: 14    Str: 20 (21) XL:     5   Next: 5%
Magic:  4/4        EV:  9    Int:  9      God:
Gold:   110        SH:  4    Dex:  7 (9)  Spells: 4/4 levels left

rFire   . . .        a - +0 war axe (flame)
rCold   . . .        c - +0 buckler
rNeg    + . .        b - +0 scale mail
rPois   inf          (no helmet)
rElec   +            (no cloak)
rCorr   .            k - +2 pair of gloves
SInv    +            (no boots)
Will    .....        (no amulet) Stlth
                     g - ring of see invisible
HPRegen 0.25/turn    (no ring)
MPRegen 0.09/turn

%: clarity
@: about to teleport
A: sickness immunity, AC +4, negative energy resistance 1, electricity
resistance, torment resistance 1, petrification resistance, clarity, low MP 1
a: no special abilities


You were on level 4 of the Dungeon.
You visited 1 branch of the dungeon, and saw 4 of its levels.

You collected 110 gold pieces.


Innate Abilities, Weirdness & Mutations

You are immune to sickness and miasma.
Your stone body is resilient. (AC +4)
You are immune to poison.
You resist negative energy. (rN+)
You are resistant to electric shocks. (rElec)
You are resistant to unholy torment.
You are immune to petrification.
You possess an exceptional clarity of mind.
Your magical capacity is low. (-10% MP)


   Skills:
 - Level 3.2 Fighting
 + Level 4.6 Axes
 - Level 3.2 Armour
 - Level 3.2 Shields


You had 4 spell levels left.
You didn't know any spells.
Your spell library was empty.

Inventory:

Hand Weapons
 a - a +0 war axe of flaming (weapon)
Armour
 b - a +0 scale mail (worn)
 c - a +0 buckler (worn)
 k - a +2 pair of gloves (worn)
Jewellery
 g - a ring of see invisible (left hand)
Scrolls
 i - 2 scrolls of enchant armour
 o - a scroll of identify
Potions
 d - a potion of might
 j - a potion of heal wounds {unknown}
 l - a potion of brilliance {unknown}
 m - a potion of curing {unknown}
 p - a potion of mutation

Dungeon Overview and Level Annotations

Branches:
Dungeon (4/15)
 Temple: D:4-7

Altars:
Wu Jian

Annotations:
D:3 2 runed translucent doors, qw's ghost, amateur GrFi


Message History

You climb downwards.
There is a stone staircase leading up here.
Waypoint 3 assigned to D:4.
A gnoll comes into view. It is wielding a +0 spear.
The gnoll shouts!
2491 ||| Stepping ~*~*~tactically~*~*~ (hiding).
You start waiting.
A gnoll is nearby!
2494 ||| Stepping ~*~*~tactically~*~*~ (hiding).
There is a stone staircase leading up here.
2495 ||| Stepping ~*~*~tactically~*~*~ (hiding).
There is a stone staircase leading up here.
The gnoll hits you but does no damage. 2 gnolls and a hound come into view.
The gnoll shouts! x2; The hound barks!
You block the gnoll's attack.
The hound moves out of view.
You hit the gnoll but do no damage. The gnoll hits you but does no damage.
You block the gnoll's attack.
You hit the gnoll but do no damage. The gnoll hits you but does no damage.
You block the gnoll's attack.
You hit the gnoll. You burn the gnoll.
The gnoll is lightly wounded.
The gnoll hits you from afar with a +0 spear.
The gnoll barely misses you. The gnoll hits you but does no damage.
You barely miss the gnoll.
The gnoll is lightly wounded.
You block the gnoll's attack.
The gnoll hits you but does no damage. x3
The gnoll barely misses you.
The gnoll hits you from afar with a +0 spear.
You slash the gnoll! You burn the gnoll.
You kill the gnoll!
The gnoll hits you from afar with a +0 spear! x2
You have reached level 5!
2504 ||| READING scroll of teleportation.
As you read the scroll of teleportation, it crumbles to dust.
You feel strangely unstable. The gnoll misses you.
The gnoll hits you from afar with a +0 spear.
The gnoll hits you with a +0 spear.
You die...

##.# ... #..###
..... #...## #..h.
#.gg#
#..@#######.###
#..)..<.......#
.......######..#.#
......#.# #
#####.#.# #.... #
... .... ...


You could see a hound and 2 gnolls.

Vanquished Creatures
  A gnoll (D:4)
  5 adders
  2 worms
  A dart slug (D:3)
  5 ball pythons
  5 bats
  6 endoplasms
  4 goblins
  2 hobgoblins
  4 quokkas
  6 frilled lizards
  A kobold (D:2)
  24 rats
66 creatures vanquished.

Notes
Turn   | Place    | Note
-------+----------+-------------------------------------------
     0 | D:1      | qw the Gargoyle Fighter began the quest for the Orb.
     0 | D:1      | Reached XP level 1. HP: 14/14 MP: 1/1
     0 | D:1      | 0 ||| qw: Version: 0.2-a-98-g5d7165a
     0 | D:1      | 0 ||| qw: Game counter: 85
     0 | D:1      | 0 ||| qw: Always use a shield: true
     0 | D:1      | 0 ||| qw: God list: Okawaru
     0 | D:1      | 0 ||| qw: Allow faded altars: false
     0 | D:1      | 0 ||| qw: Do Orc after D:15 true
     0 | D:1      | 0 ||| qw: Do second Lair branch before Depths: true
     0 | D:1      | 0 ||| qw: Lair rune preference: random
     0 | D:1      | 0 ||| qw: Plans: Normal, Zot:1-4, God:TSO, Crypt, Tomb,
                  | Pan, Slime:5, Hells, Abyss, Win
     0 | D:1      | 0 ||| PLANNING D:1-11
    42 | D:1      | Reached skill level 2 in Axes
    50 | D:1      | 50 ||| Stepping ~*~*~tactically~*~*~ (stealth).
    51 | D:1      | 51 ||| Stepping ~*~*~tactically~*~*~ (stealth).
   269 | D:1      | Reached XP level 2. HP: 19/19 MP: 2/2
   654 | D:1      | 654 ||| UPGRADING to ring of see invisible.
   655 | D:1      | 655 ||| READING scroll labelled XIS XIMOREE.
   660 | D:1      | 660 ||| READING 3 scrolls labelled WIACKA QIENWU.
   661 | D:1      | 661 ||| READING scroll labelled SOHYODGH XESO.
   662 | D:1      | 662 ||| READING scroll labelled LISMUU UPLIUD.
   663 | D:1      | 663 ||| READING scroll labelled MYZE BOTEMU.
   664 | D:1      | 664 ||| READING scroll labelled WECAXOT XANUZ.
   665 | D:1      | 665 ||| READING scroll labelled COHIRCH KICUASM.
   738 | D:2      | 738 ||| Stepping ~*~*~tactically~*~*~ (stealth).
   834 | D:2      | Reached skill level 3 in Axes
   834 | D:2      | Reached XP level 3. HP: 23/23 MP: 3/3
   956 | D:2      | 956 ||| Stepping ~*~*~tactically~*~*~ (stealth).
   958 | D:2      | 958 ||| Stepping ~*~*~tactically~*~*~ (stealth).
  1021 | D:2      | 1021 ||| Stepping ~*~*~tactically~*~*~ (hiding).
  1398 | D:2      | Reached XP level 4. HP: 28/28 MP: 4/4
  1647 | D:2      | 1647 ||| UPGRADING to +2 pair of gloves.
  1652 | D:2      | 1652 ||| READING scroll labelled NIUNIK WOOSA.
  1753 | D:2      | 1753 ||| READING scroll labelled BOSHEE DAPAY.
  1754 | D:2      | 1754 ||| READING scroll labelled MAPPEN TI GOST.
  1755 | D:2      | 1755 ||| READING scroll labelled GUGGOE YDIUTZ.
  1756 | D:2      | 1756 ||| DRINKING 4 yellow potions.
  1757 | D:2      | 1757 ||| DROPPING 3 potions of degeneration.
  1814 | D:3      | 1814 ||| Stepping ~*~*~tactically~*~*~ (hiding).
  1877 | D:3      | Reached skill level 4 in Axes
  1909 | D:3      | Found a large runed translucent door.
  1910 | D:3      | Found a large runed translucent door.
  1912 | D:3      | Noticed qw's ghost (amateur GrFi)
  1981 | D:3      | 1981 ||| Stepping ~*~*~tactically~*~*~ (stealth).
  1982 | D:3      | 1982 ||| Stepping ~*~*~tactically~*~*~ (stealth).
  2071 | D:3      | Found an ornate altar of the Wu Jian Council.
  2478 | D:3      | 2478 ||| READING scroll labelled WYIPOR HEDUNTYCS.
  2479 | D:3      | 2479 ||| READING scroll labelled TYNUWI VIZE.
  2479 | D:3      | Identified a scroll of acquirement
  2479 | D:3      | 2479 ||| ACQUIRING +0 war axe of flaming
  2479 | D:3      | Acquired a +0 war axe of flaming
  2481 | D:3      | 2481 ||| SWAPPING to +0 war axe of flaming.
  2482 | D:3      | 2482 ||| DROPPING +0 club.
  2483 | D:3      | 2483 ||| DROPPING +1 war axe.
  2484 | D:3      | 2484 ||| DRINKING 2 bubbling sapphire potions.
  2484 | D:3      | Gained mutation: Your magical capacity is low. (-10% MP)
                  | [potion of mutation]
  2484 | D:3      | Gained mutation: You possess an exceptional clarity of
                  | mind. [potion of mutation]
  2491 | D:4      | 2491 ||| Stepping ~*~*~tactically~*~*~ (hiding).
  2494 | D:4      | 2494 ||| Stepping ~*~*~tactically~*~*~ (hiding).
  2495 | D:4      | 2495 ||| Stepping ~*~*~tactically~*~*~ (hiding).
  2503 | D:4      | HP: 7/28 [gnoll/+0 spear (8)]
  2504 | D:4      | Reached XP level 5. HP: 8/32 MP: 4/4
  2504 | D:4      | 2504 ||| READING scroll of teleportation.
  2504 | D:4      | HP: 3/32 [gnoll/+0 spear (5)]
  2505 | D:4      | Slain by a gnoll

Levels and vault maps discovered:
D:1:      tarquinn_simple_flora_water_b, layout_loops_cross
D:2:      layout_loops_ring, chequers_serial_rivers_micro_a, minmay_rat_hole
D:3:      layout_basic, mainiacjoe_overflow_boulevard,
          ebering_ghost_disaster_area, nicolae_elevator_lobby_plus
D:4:      minmay_door_path, layout_loops_ring,
          mainiacjoe_overflow_concentric_impassable, grunt_decor_cap,
          uniq_blork_the_orc

Skill      XL: |  1  2  3  4 |
---------------+-------------+-----
Axes           | 2 3 4 |  4.6
Fighting       | |  3.2
Armour         | |  3.2
Shields        | |  3.2

Action                     |  1- 3 |  4- 6 || total
---------------------------+-------+-------++-------
  Melee: War axe           |   112 |    77 ||   189
    Use: Scroll            |     7 |     7 ||    14
         Potion            |       |     2 ||     2
 Armour: Scale mail        |    64 |    35 ||    99
  Dodge: Dodged            |    55 |    35 ||    90
  Block: Buckler           |    12 |    14 ||    26

Table legend:
 A = Non-vault XP
 B = Vault XP
 C = Vault XP percentage of total XP
 D = Non-vault monster count
 E = Vault monster count
 F = Vault count percentage of total count
                 A         B        C        D         E       F
            +---------+---------+-------+---------+---------+-------
      Total |     154 |      20 |  11.5 |      47 |      19 |  28.8
            +---------+---------+-------+---------+---------+-------
        D:1 |      19 |       0 |   0.0 |      13 |       0 |   0.0
        D:2 |      49 |      20 |  29.0 |      14 |      19 |  57.6
        D:3 |      71 |       0 |   0.0 |      19 |       0 |   0.0
        D:4 |      15 |       0 |   0.0 |       1 |       0 |   0.0
            +---------+---------+-------+---------+---------+-------
